 Dungeon Crawl Stone Soup version 0.17-a0-2127-g1cb09f6 (webtiles) character file.

2204 brucemayne the Cleaver (level 9, -8/63 HPs)
             Began as a Demonspawn Berserker on Oct 22, 2015.
             Was a Believer of Trog.
             Mangled by emiel's ghost (9 damage)
             ... on level 9 of the Dungeon.
             The game lasted 00:06:41 (1500 turns).

brucemayne the Cleaver (Demonspawn Berserker)       Turns: 1500, Time: 00:06:41

Health: -8/63      AC:  9    Str: 21    XL:     9   Next: 12%
Magic:  9/9        EV:  8    Int:  8    God:    Trog [**....]
Gold:   108        SH:  0    Dex: 13    Spells: 0 memorised, 8 levels left

rFire  . . .     SeeInvis .     a - +0 hand axe
rCold  . . .     Clarity  .     d - +0 chain mail
rNeg   . . .     SustAt   .     (no shield)
rPois  .         Gourm    .     (no helmet)
rElec  .         Spirit   .     (no cloak)
rCorr  .         Warding  .     (no gloves)
rMut   .         Stasis   .     (no boots)
MR     .....                    (no amulet)
Stlth  ..........               (no ring)
                                u - ring of invisibility

@: exhausted, slowed, very slow, not resistant to hostile enchantments,
extremely unstealthy
A: talons 2, molten scales 1, foul stench 1, rot immunity
a: Berserk, Trog's Hand, Burn Spellbooks, Renounce Religion, Evoke Invisibility


You were on level 9 of the Dungeon.
You worshipped Trog.
Trog was pleased with you.
You were very hungry.

You visited 2 branches of the dungeon, and saw 10 of its levels.

You collected 108 gold pieces.

Inventory:

Hand Weapons
 a - a +0 hand axe (weapon)
Armour
 b - a +0 animal skin
 d - a +0 chain mail (worn)
 g - a +0 ring mail
Jewellery
 j - an uncursed ring of fire
 u - a ring of invisibility (left hand)
Wands
 o - a wand of polymorph (11)
 p - a wand of paralysis (7)
Scrolls
 e - a scroll of remove curse
 i - 2 scrolls of identify
 l - 3 scrolls of blinking {unknown}
 m - a scroll of enchant armour {unknown}
 n - a scroll of recharging {unknown}
 r - a scroll of noise {unknown}
 s - a scroll of enchant weapon {unknown}
Potions
 k - 2 potions of curing
Comestibles
 c - 3 bread rations
 f - 4 chunks of flesh
 h - 2 royal jellies


   Skills:
 - Level 3.0 Fighting
 + Level 11.3 Axes
 - Level 1.7 Armour
 - Level 1.7 Dodging


You had 8 spell levels left.
You didn't know any spells.

Dungeon Overview and Level Annotations

Branches:
Dungeon (9/15)             Temple (1/1) D:7
   Lair: D:8-11         Orc: D:9-12

Altars:
Ashenzari
Cheibriados
Dithmenos
Elyvilon
Fedhas
Gozag
Kikubaaqudgha
Makhleb
Okawaru
Ru
Sif Muna
Xom
Zin

Annotations:
D:9 emiel's ghost, novice OgFi


Innate Abilities, Weirdness & Mutations

You have razor-sharp toenails.
You are partially covered in molten scales (AC +1).
You may emit foul miasma when damaged in melee.
You are immune to rotting.


Message History

Emiel's ghost hits you!!
* * * LOW HITPOINT WARNING * * *
You emit a cloud of foul miasma!
You closely miss emiel's ghost.
Emiel's ghost is almost destroyed.
You are no longer berserk.
You are exhausted.
You feel yourself slow down.
You are feeling very hungry.
You barely miss emiel's ghost.
You claw emiel's ghost, but do no damage.
Emiel's ghost is almost destroyed.
Emiel's ghost hits you!
* * * LOW HITPOINT WARNING * * *
You hit emiel's ghost but do no damage. Your kick misses emiel's ghost.
Emiel's ghost is almost destroyed.
Emiel's ghost hits you.
* * * LOW HITPOINT WARNING * * *
Emiel's ghost hits you!
You die...

#..........'.#........'..
##..........###........###
.'..........# #........#
##..........# #........#
##%######### ##'#######
#†# #.(# #.# ##(##### #.#
#......# #.# #@W....#
###.#####...>..'.).$..#
..........######......#
###.####### #......# #.#
#......'. #.## #......#.
#..# #....$.# ##.#
#......# #.#


You could see emiel's ghost.

Vanquished Creatures
  A troll (D:9)
  5 yaks (D:9)
  Sigmund (D:6)
  Menkaure (D:7)
  A water moccasin (D:9)
  3 centaurs (D:9)
  A giant frog (D:9)
  A scorpion (D:9)
  2 crimson imps
  A giant frog zombie (D:9)
  A hound (D:9)
  2 orc priests (D:7)
  2 orc wizards (D:7)
  5 worker ants
  2 iguanas
  3 gnolls (D:4)
  2 adders
  An ooze (D:4)
  A worm (D:2)
  4 giant geckos
  9 orcs
  A ball python (D:3)
  4 jackals (D:4)
  A quokka (D:7)
  2 giant cockroaches
  A giant gecko skeleton (D:4)
  A giant gecko zombie (D:5)
  4 kobolds
  A quokka zombie (D:9)
  A rat (D:2)
65 creatures vanquished.

Vanquished Creatures (others)
  A deep elf mage (D:9)
1 creature vanquished.

Grand Total: 66 creatures vanquished

Notes
Turn   | Place    | Note
--------------------------------------------------------------
     0 | D:1      | brucemayne the Demonspawn Berserker began the quest for the Orb.
     0 | D:1      | Reached XP level 1. HP: 18/18 MP: 1/1
   115 | D:2      | Gained mutation: You are immune to rotting. [demonic ancestry]
   115 | D:2      | Reached XP level 2. HP: 12/24 MP: 2/2
   219 | D:3      | Found a white marble altar of Elyvilon.
   241 | D:4      | Found a shadowy altar of Dithmenos.
   287 | D:4      | Gained mutation: You may emit foul miasma when damaged in melee. [demonic ancestry]
   287 | D:4      | Reached XP level 3. HP: 29/29 MP: 3/3
   291 | D:4      | Reached skill level 4 in Axes
   401 | D:4      | Reached ** piety under Trog
   403 | D:4      | Reached XP level 4. HP: 32/35 MP: 4/4
   485 | D:5      | Entered Level 5 of the Dungeon
   504 | D:5      | Reached skill level 5 in Axes
   506 | D:5      | Reached XP level 5. HP: 29/41 MP: 5/5
   700 | D:6      | Noticed Sigmund
   713 | D:6      | Killed Sigmund
   713 | D:6      | Reached skill level 6 in Axes
   713 | D:6      | Gained mutation: You have sharp toenails. [demonic ancestry]
   713 | D:6      | Reached XP level 6. HP: 39/47 MP: 6/6
   839 | D:7      | Found a staircase to the Ecumenical Temple.
   849 | Temple   | Entered the Ecumenical Temple
  1042 | D:7      | Noticed Menkaure
  1057 | D:7      | Reached skill level 7 in Axes
  1060 | D:7      | Killed Menkaure
  1060 | D:7      | Gained mutation: You are partially covered in molten scales (AC +1). [demonic ancestry]
  1060 | D:7      | Reached XP level 7. HP: 52/52 MP: 7/7
  1113 | D:9      | Reached skill level 8 in Axes
  1181 | D:9      | Noticed a water moccasin
  1188 | D:9      | Killed a water moccasin
  1253 | D:9      | Reached skill level 9 in Axes
  1253 | D:9      | Reached XP level 8. HP: 44/58 MP: 8/8
  1307 | D:9      | Noticed a troll
  1316 | D:9      | Killed a troll
  1374 | D:9      | Noticed a yak
  1374 | D:9      | Noticed a yak
  1374 | D:9      | Noticed a yak
  1375 | D:9      | Noticed a yak
  1382 | D:9      | Noticed a yak
  1385 | D:9      | Killed a yak
  1385 | D:9      | Reached skill level 10 in Axes
  1392 | D:9      | Killed a yak
  1397 | D:9      | Killed a yak
  1404 | D:9      | Killed a yak
  1409 | D:9      | Killed a yak
  1409 | D:9      | Reached skill level 11 in Axes
  1409 | D:9      | Gained mutation: You have razor-sharp toenails. [demonic ancestry]
  1409 | D:9      | Reached XP level 9. HP: 62/63 MP: 9/9
  1474 | D:9      | Noticed emiel's ghost (novice OgFi)
  1500 | D:9      | HP: 1/63 [emiel's ghost (3)]
  1500 | D:9      | Mangled by emiel's ghost

Vault maps used:
D:1:      dpeg_arrival_tiny_a, kennysheep_boxes
D:2:      ecumenical_altar_2, nicolae_ru_sacrificial_ziggurat
D:3:      lemuel_doored_altar, uniq_natasha
D:4:      nicolae_overflow_crystal_walls
D:5:      first_bread
D:6:      chei_slow_surprise, uniq_sigmund
D:7:      grunt_temple_overflow_open, minmay_temple_entry_trees, the_bakery,
          uniq_menkaure, uniq_pikel
D:8:      serial_shops, shop, evilmike_ruin_ashenzari
D:9:      nicolae_qazlal_eye_of_the_storm
Temple:   water_room_temple_b_12

Action                   |  1- 3 |  4- 6 |  7- 9 || total
-------------------------+-------+-------+-------++-------
Melee: Hand axe          |    39 |    92 |   119 ||   250
Invok: Berserk           |     4 |     5 |     6 ||    15
       Trog's Hand       |       |     2 |     5 ||     7
  Use: Scroll            |       |     3 |       ||     3
  Eat: Chunk             |     1 |     6 |     3 ||    10
       Fruit             |       |     2 |     1 ||     3
       Bread ration      |       |       |     1 ||     1
